Map: Proxima Station LE

Players

Zest

  • Race: Protoss Protoss
  • League: Master
  • Spawn Location: 7:00

Gumiho - Winner!

  • Race: Terran Terran
  • League: Master
  • Spawn Location: 1:00

Event: HomeStory Cup XV

VOD

Have the link to the VOD?

Description

Time

  • Played on: July 23, 2017, 8:41 a.m.
  • Length: 12:35

All games in this series

Show
View Real Time Build Order
Export as new Build Order

Zest Protoss 

Build Orders: 1 Gate Expand, Oracle Opening, Colossus Rush 

Get SALT Encoding   

  12  0:00  Probe (Chrono Boost)  
  13  0:11  Probe (Chrono Boost)  
  14  0:17  Pylon  
  14  0:22  Probe (Chrono Boost)  
  15  0:35  Probe (Chrono Boost)  
  16  0:38  Gateway  
  16  0:46  Probe (Chrono Boost)  
  16  0:47  Assimilator  
  17  0:56  Probe (Chrono Boost)  
  18  1:07  Probe (Chrono Boost)  
  19  1:17  Probe (Chrono Boost)  
  20  1:25  Nexus  
  20  1:34  Cybernetics Core  
  20  1:37  Probe (Chrono Boost)  
  21  1:43  Assimilator  
  21  1:47  Probe (Chrono Boost)  
  21  1:52  Pylon  
  22  1:58  Probe (Chrono Boost)  
  23  2:10  Probe (Chrono Boost)  
  23  2:13  Stargate  
  24  2:21  Probe (Chrono Boost)  
  25  2:23  Warp Gate  
  25  2:32  Probe (Chrono Boost)  
  26  2:41  Probe (Chrono Boost)  
  26  2:42  Probe (Chrono Boost)  
  28  2:51  Probe (Chrono Boost)  
  28  2:53  Probe (Chrono Boost)  
  28  2:56  Oracle (Chrono Boost)  
  33  3:01  Probe  
  33  3:04  Probe  
  35  3:09  Nexus  
  35  3:13  Mothership Core (Chrono Boost)  
  35  3:17  Probe (Chrono Boost)  
  38  3:21  Pylon  
  38  3:29  Probe (Chrono Boost)  
  38  3:33  Probe (Chrono Boost)  
  40  3:34  Robotics Facility  
  40  3:39  Probe (Chrono Boost)  
  41  3:44  Probe (Chrono Boost)  
  42  3:50  Probe (Chrono Boost)  
  42  3:55  Probe (Chrono Boost)  
  44  4:00  Probe (Chrono Boost)  
  44  4:01  Gateway x2, Assimilator  
  45  4:04  Assimilator  
  45  4:05  Probe (Chrono Boost)  
  46  4:11  Probe (Chrono Boost)  
  46  4:14  Pylon  
  46  4:16  Probe (Chrono Boost)  
  48  4:21  Robotics Bay  
  48  4:22  Observer  
  48  4:23  Probe (Chrono Boost)  
  50  4:25  Probe (Chrono Boost)  
  50  4:28  Probe (Chrono Boost)  
  52  4:34  Probe (Chrono Boost)  
  52  4:35  Sentry  
  52  4:36  Probe (Chrono Boost)  
  56  4:39  Probe (Chrono Boost)  
  56  4:44  Probe (Chrono Boost)  
  58  4:45  Probe (Chrono Boost)  
  58  4:46  Pylon  
  58  4:48  Probe (Chrono Boost)  
  58  4:49  Observer (Chrono Boost)  
  58  4:51  Pylon  
  61  4:55  Probe x2  
  61  4:58  Probe  
  63  5:01  Colossus (Chrono Boost)  
  63  5:06  Probe  
  64  5:07  Probe  
  64  5:10  Probe  
  64  5:12  Gateway  
  64  5:13  Gateway  
  73  5:17  Gateway  
  73  5:19  Probe  
  73  5:21  Probe, Pylon  
  75  5:30  Extended Thermal Lance (Chrono Boost)  
  75  5:31  Twilight Council  
  75  5:34  Forge  
  75  5:37  Probe  
  75  5:39  Probe x2  
  75  5:40  Sentry  
  80  5:44  Pylon  
  80  5:48  Probe  
  81  5:52  Pylon, Sentry  
  83  5:58  Adept  
  83  5:59  Pylon, Colossus  
  83  6:01  Probe  
  83  6:03  Probe x2  
  94  6:18  Stalker x2  
  94  6:19  Stalker  
  94  6:25  Zealot x2, Stalker  
  106  6:36  Probe  
  106  6:37  Probe x2  
  107  6:43  Protoss Ground Weapons Level 1 (Chrono Boost)  
  107  6:46  Probe  
  107  6:47  Assimilator  
  107  6:49  Probe  
  107  6:51  Assimilator  
  107  6:52  Stalker x4  
  116  6:55  Pylon  
  116  7:08  Zealot  
  116  7:09  Zealot  
  116  7:11  Pylon  
  116  7:12  Pylon, Blink (Chrono Boost)  
  120  7:20  Stalker  
  120  7:21  Stalker x2  
  122  7:24  Zealot  
  112  7:30  Zealot x2, Probe x2  
  112  7:35  Probe  
  112  7:42  Probe x2 (Chrono Boost)  
  93  7:46  Probe (Chrono Boost)  
  85  7:54  Probe x2 (Chrono Boost)  
  85  7:57  Probe (Chrono Boost)  
  84  8:03  Stalker  
  84  8:04  Stalker x5  
  84  8:05  Probe x2 (Chrono Boost)  
  98  8:11  Warp Prism (Chrono Boost)  
  100  8:13  Probe (Chrono Boost)  
  100  8:15  Probe x2 (Chrono Boost)  
  100  8:17  Protoss Ground Armor Level 1 (Chrono Boost)  
  103  8:21  Pylon  
  103  8:24  Probe (Chrono Boost)  
  103  8:25  Probe (Chrono Boost)  
  103  8:26  Probe (Chrono Boost)  
  106  8:36  Sentry x2  
  106  8:37  Zealot x3, Sentry  
  106  8:40  Probe x2  
  106  8:41  Forge, Probe  
  121  8:45  Robotics Facility  
  121  8:53  Probe x2  
  122  9:09  Stalker x6  
  134  9:19  Photon Cannon  
  134  9:23  Probe x2  
  134  9:24  Probe  
  132  9:30  Protoss Ground Weapons Level 2 (Chrono Boost)  
  131  9:35  Probe  
  131  9:36  Probe x2  
  134  9:46  Disruptor x2 (Chrono Boost)  
  140  9:57  Probe x2  
  140  9:58  Pylon  
  142  10:01  Adept x6  
  152  10:11  Pylon  
  152  10:17  Protoss Ground Armor Level 2 (Chrono Boost)  
  152  10:18  Disruptor (Chrono Boost)  
  152  10:23  Disruptor  
  152  10:27  Nexus  
  158  10:30  Pylon  
  158  10:36  Resonating Glaives  
  149  10:53  Adept x6  
  99  11:20  Colossus  
  99  11:21  Adept  
  99  11:22  Adept x5  
  100  11:27  Colossus  
  99  11:45  Adept x6  
  111  11:49  Gateway x2  
  109  11:55  Dark Shrine  
  98  12:07  Adept x4  
  98  12:08  Adept x2  
  78  12:28  Adept x5  
Show
View Real Time Build Order
Export as new Build Order

Gumiho Terran - Winner!

Build Orders: Command Center First (CC), MMM Bio 

Get SALT Encoding   

  12  0:00  SCV  
  13  0:12  SCV  
  14  0:18  Supply Depot  
  14  0:24  SCV  
  15  0:39  SCV  
  16  0:51  SCV  
  17  1:00  Command Center  
  17  1:04  SCV  
  18  1:16  SCV  
  18  1:18  Barracks  
  19  1:28  SCV  
  19  1:32  Barracks  
  20  1:40  SCV  
  21  1:47  Barracks  
  21  1:52  SCV  
  22  2:05  Marine, Orbital Command  
  23  2:17  Orbital Command  
  23  2:18  Marine  
  24  2:22  Marine  
  24  2:26  Refinery  
  25  2:31  SCV  
  25  2:34  Marine, Refinery  
  27  2:38  Marine  
  27  2:40  Marine  
  27  2:42  SCV  
  31  2:44  SCV  
  31  2:47  Supply Depot  
  31  2:52  Marine  
  31  2:55  SCV  
  31  2:56  Marine, SCV  
  35  2:59  Barracks Tech Lab  
  35  3:07  SCV  
  35  3:08  SCV  
  35  3:10  Marine  
  38  3:13  Marine  
  38  3:15  Supply Depot  
  38  3:18  Marine  
  38  3:19  Stimpack, SCV  
  41  3:20  SCV  
  41  3:25  Engineering Bay  
  42  3:31  SCV  
  42  3:32  SCV  
  42  3:33  Barracks Reactor  
  44  3:36  Barracks Reactor, Marine  
  44  3:39  Supply Depot  
  45  3:43  SCV  
  45  3:44  Supply Depot  
  45  3:47  SCV  
  46  3:55  SCV  
  46  3:56  Marine  
  46  4:00  SCV, Factory  
  49  4:04  Refinery  
  49  4:07  SCV  
  50  4:12  SCV, Supply Depot  
  50  4:13  Marine, Terran Infantry Weapons Level 1  
  50  4:15  Marine x2  
  53  4:17  Marine  
  53  4:20  SCV  
  53  4:21  Marine  
  55  4:24  SCV  
  55  4:30  Missile Turret  
  56  4:32  SCV, Marine  
  56  4:33  Marine x2  
  56  4:35  Marine  
  56  4:36  SCV  
  62  4:39  Marine  
  62  4:40  Supply Depot  
  62  4:44  SCV  
  64  4:48  SCV  
  64  4:51  Starport, Factory Reactor  
  64  4:52  Marine x3  
  68  4:54  Marine  
  68  4:56  SCV  
  70  5:00  SCV  
  70  5:06  Supply Depot  
  71  5:07  Supply Depot  
  71  5:08  SCV, Missile Turret  
  71  5:12  SCV  
  71  5:14  Marine x3  
  73  5:16  Marine  
  73  5:19  Marine, Combat Shields  
  73  5:20  SCV  
  79  5:25  SCV  
  79  5:32  SCV  
  79  5:34  Medivac x2  
  79  5:35  Marine x2  
  86  5:36  Factory Reactor  
  86  5:37  Marine  
  86  5:38  Marine x2  
  89  5:43  SCV  
  89  5:44  SCV  
  89  5:47  Supply Depot  
  89  5:48  Supply Depot  
  91  5:53  Marine x2  
  91  5:55  Marine x3  
  96  6:03  Command Center  
  96  6:08  Medivac x2  
  100  6:14  Marauder, Widow Mine  
  100  6:16  Widow Mine  
  100  6:17  Marine  
  107  6:19  Marine  
  107  6:21  Marine  
  107  6:23  Marine  
  110  6:27  SCV  
  110  6:32  Terran Infantry Armor Level 1  
  111  6:33  Supply Depot  
  111  6:35  Marine x2  
  111  6:38  Marine x2, Refinery  
  115  6:45  Marine  
  116  6:47  Medivac  
  118  6:55  Marauder, Marine, Medivac  
  118  6:57  Supply Depot  
  118  6:58  Supply Depot  
  123  7:13  Marine  
  123  7:14  Marine x3  
  123  7:15  Widow Mine x2  
  125  7:17  Marauder  
  128  7:31  Marine x2  
  128  7:32  Barracks x2  
  128  7:34  Marine x2  
  126  7:38  Liberator x2, Marauder  
  117  7:49  Marine x2  
  101  7:52  Marine x2  
  101  7:57  SCV  
  101  7:58  SCV, Orbital Command  
  109  7:59  Marauder  
  111  8:07  Starport  
  111  8:10  SCV  
  112  8:18  Armory  
  112  8:19  SCV, Engineering Bay  
  113  8:21  Marauder  
  113  8:22  SCV  
  113  8:27  Barracks Tech Lab x2  
  116  8:29  SCV  
  116  8:31  SCV  
  116  8:33  Marine x4  
  122  8:37  Supply Depot  
  122  8:39  Supply Depot  
  122  8:40  Viking x2, Supply Depot  
  122  8:41  Supply Depot  
  126  8:42  Marauder, SCV x2  
  126  8:43  SCV  
  126  8:44  Missile Turret  
  126  8:47  Marauder x2  
  134  8:56  Viking x2  
  138  9:04  Marauder  
  138  9:06  Supply Depot, Terran Infantry Weapons Level 2  
  138  9:07  Supply Depot  
  138  9:08  Marauder x2, Terran Infantry Armor Level 2  
  144  9:10  Marine x3  
  147  9:21  Marine  
  146  9:25  Marauder  
  146  9:27  Marine x2  
  146  9:28  Marine  
  146  9:30  Marauder x2, Viking  
  156  9:39  Marine  
  156  9:42  Viking  
  156  9:45  Marine x3  
  159  9:46  Marauder  
  159  9:51  Marauder x2  
  162  9:54  Concussive Shells  
  162  9:57  Marine  
  163  10:03  Marine x3  
  163  10:04  Sensor Tower  
  166  10:08  Marauder  
  166  10:12  Marine x2  
  166  10:13  SCV x3, Refinery  
  173  10:15  Marine, Refinery  
  173  10:16  Barracks  
  173  10:17  Barracks  
  173  10:19  Viking x2  
  173  10:20  Barracks, Viking  
  173  10:21  Marine  
  180  10:24  Viking  
  182  10:29  Marauder, Marine x2  
  182  10:30  Marauder, Marine  
  188  10:48  Marauder, Marine x3  
  188  10:49  Marine  
  168  10:51  Marauder  
  168  10:52  Marauder  
  144  11:06  Marine x4  
  144  11:07  SCV x3  
  144  11:09  Marauder  
  144  11:11  Marine  
  149  11:12  Marauder  
  149  11:13  Marauder  
  149  11:17  Marine  
  142  11:24  Marine x3  
  132  11:30  Marine  
  132  11:31  Marauder  
  122  11:33  Marauder, Marine  
  122  11:34  Marauder  
  122  11:39  Marine x2  
  126  11:41  Orbital Command, Marine  
  126  11:42  Marine x2  
  129  11:47  Marine  
  129  11:50  Marine  
  129  11:52  Marauder  
  133  11:54  Marine  
  133  11:55  Marine  
  133  11:57  Marine  
  133  11:59  Marine x3  
  139  12:06  Marine  
  135  12:09  Marine x2  
  135  12:12  Marine  
  135  12:13  Marine x2  
  133  12:15  Marine  
Tags
 
Add a new tag
Caveats
  • Supply blocks, unpowered buildings, or Contaminate may cause inaccurate times.
  • Supply counts are checked every 10 seconds.